 Dungeon Crawl Stone Soup version 0.28-a0-1382-g92835e5c71 (webtiles) character file.

Game seed: 12377053636107819133

3 jankins the Skirmisher (level 1, 14/14 HPs)
             Began as a Gargoyle Fighter on Jan 2, 2022.
             Quit the game on level 1 of the Dungeon.
             The game lasted 00:03:05 (245 turns).

jankins the Skirmisher (Gargoyle Fighter)            Turns: 245, Time: 00:03:06

Health: 14/14      AC:  9    Str: 19    XL:     1   Next: 50%
Magic:  1/1        EV:  9    Int:  8    God:
Gold:   3          SH:  4    Dex:  9    Spells: 0/0 levels left

rFire   . . .      SeeInvis .   a - +0 long sword
rCold   . . .      Faith    .   c - +0 buckler
rNeg    + . .      Spirit   .   b - +0 scale mail
rPois   ∞          Reflect  .   (no helmet)
rElec   +          Harm     .   (no cloak)
rCorr   .          Rampage  .   (no gloves)
Will    .....                   (no boots)
Stlth   ..........              (no amulet)
HPRegen 0.04/turn               (no ring)
MPRegen 0.07/turn               (no ring)

@: no status effects
A: sickness immunity, AC +2, negative energy resistance 1, electricity
resistance, torment resistance 1, petrification resistance
a: no special abilities


You were on level 1 of the Dungeon.
You visited 1 branch of the dungeon, and saw 1 of its levels.

You collected 3 gold pieces.

Inventory:

Hand Weapons
 a - a +0 long sword (weapon)
Armour
 b - a +0 scale mail (worn)
 c - a +0 buckler (worn)
Scrolls
 d - a scroll of noise {unknown}


   Skills:
 + Level 3.4 Fighting
 + Level 1.9 Long Blades
 + Level 3.3 Armour
 + Level 3.2 Shields


You couldn't memorise any spells.
You didn't know any spells.
Your spell library was empty.

Dungeon Overview and Level Annotations

Branches:
Dungeon (1/15)

Altars:


Innate Abilities, Weirdness & Mutations

You are immune to sickness and miasma.
Your stone body is resilient. (AC +2)
You are immune to poison.
You resist negative energy. (rN+)
You are resistant to electric shocks. (rElec)
You are resistant to unholy torment.
You are immune to petrification.


Message History

A giant cockroach comes into view.
You hit the giant cockroach.
The giant cockroach is almost dead.
The giant cockroach bites you but does no damage.
You block the giant cockroach's attack.
You barely miss the giant cockroach.
The giant cockroach is almost dead.
The giant cockroach bites you but does no damage.
Your scale mail prevents you from hitting the giant cockroach.
The giant cockroach is almost dead.
The giant cockroach closely misses you.
The giant cockroach bites you but does no damage.
You slash the giant cockroach!
You kill the giant cockroach!
You see here a giant cockroach corpse.
You see here a giant cockroach corpse.
There is a stone staircase leading down here.
Unknown command.
There is a stone staircase leading down here.
Unknown command.
Unknown command.
Unknown command.
Unknown command.
You see here a giant cockroach corpse.
Sorry, you're not good enough to have a special ability.
You aren't carrying any potions.
Unknown command.
Unknown command.
Unknown command.
Unknown command.
Unknown command.
Unknown command.
You aren't carrying any potions.
No target in view!
Unknown command.
Are you sure you want to abandon this character and quit the game? (Confirm with "yes".)
Okay, then.
Unknown command.
Unknown command.
Are you sure you want to abandon this character and quit the game? (Confirm with "yes".)

###.........###.....#
.............†...>..#
###..........##.....#
#..........##.....#
######### .
#..........########
#........
..#..............######
#.#######
......................#
#.#
......................#
#.#
................@.....#
#.# #####
###...................#
#.# #....
#...................#
#.# #.###
#########...........#
#.# #.# #...........#
#.# #.#
#...###.....###.# #.#
#...............# #.#
#...###.....##### #.#
..... #.....# #.#


There were no monsters in sight!

Vanquished Creatures
  A ball python (D:1)
  A giant cockroach (D:1)
  A kobold (D:1)
3 creatures vanquished.

Notes
Turn   | Place    | Note
-------+----------+-------------------------------------------
     0 | D:1      | jankins the Gargoyle Fighter began the quest for the Orb.
     0 | D:1      | Reached XP level 1. HP: 14/14 MP: 1/1
   245 | D:1      | Quit the game

Illustrated notes

Levels and vault maps discovered:
D:1:      denvon_arrival_planthouse, layout_basic

Action                   || total
-------------------------++-------
Melee: Long sword        ||    16
  Use: Potion            ||     1
Armor: Scale mail        ||     9
Dodge: Dodged            ||    10
Block: Buckler           ||     5

Table legend: (Time is in decaauts)
 A = Elapsed time spent in this place.
 B = Non-inter-level travel time spent in this place.
 C = Inter-level travel time spent in this place.
 D = Time resting spent in this place.
 E = Time spent auto-exploring this place.
 F = Levels seen in this place.
 G = Mean time per level.
                   A        B        C        D        E       F      G
               +--------+--------+--------+--------+--------+-----+--------+
         Total |    250 |    103 |    147 |     49 |      0 |   1 |  250.0 |
       Dungeon |    250 |    103 |    147 |     49 |      0 |   1 |  250.0 |
               +--------+--------+--------+--------+--------+-----+--------+

Top non-repeatable levels by time:
     D:1: 250 daAuts
